 Dungeon Crawl Stone Soup version 0.25.1-2-g60ff931df9 (webtiles) character file.

Game seed: 4246757797716220550

192884 Peloso the Hoplite (level 18, 0/166 HPs)
             Began as a Minotaur Fighter on Aug 26, 2020.
             Was the Champion of Okawaru.
             Slain by an emperor scorpion (5 damage)
             ... on level 4 of the Spider Nest.
             The game lasted 01:46:26 (42073 turns).

Peloso the Hoplite (Minotaur Fighter)              Turns: 42073, Time: 01:46:27

Health: 0/166      AC: 24    Str: 26      XL:     18   Next: 5%
Magic:  0/19       EV: 12    Int:  5      God:    Okawaru [******]
Gold:   2906       SH: 17    Dex: 15 (16) Spells: 17/17 levels left

rFire    + . .     SeeInvis +   b - +8 autumn katana {vorpal, Clar}
rCold    + . .     Gourm    .   L - +0 kite shield {reflect}
rNeg     . . .     Faith    .   N - +1 plate armour {rPois}
rPois    +         Spirit   .   G - +0 hat {SInv}
rElec    .         Reflect  +   v - scarf {rC+ rF+}
rCorr    .         Harm     .   B - +2 pair of gloves {Dex+3}
MR       ++...     Clarity  +   J - +0 pair of boots
Stlth    ..........             F - amulet of the acrobat
HPRegen  0.37/turn              (no ring)
MPRegen  0.16/turn              M - ring of protection from magic

@: about to teleport
A: retaliatory headbutt, horns 2
a: Heroism, Finesse, Renounce Religion


You were on level 4 of the Spider Nest.
You worshipped Okawaru.
Okawaru was exalted by your worship.
You were very hungry.

You visited 6 branches of the dungeon, and saw 30 of its levels.
You visited the Abyss 1 time.
You also visited: Ice Cave and Volcano.

You collected 3416 gold pieces.
You spent 510 gold pieces at shops.

Inventory:

Hand Weapons
 a - the +7 scimitar of the Lame Duck {elec, Str+7}
   (You bought it in a shop on level 2 of the Orcish Mines)

   Occasionally, upon striking a foe, it will discharge some electrical energy
   and cause terrible harm.
   It affects your strength (+7).
 b - the +8 autumn katana (weapon) {vorpal, Clar}
   (You found it on level 15 of the Dungeon)

   It inflicts extra damage upon your enemies.
   It protects you against confusion.
 c - a +0 double sword of draining
 P - a +0 double sword of freezing
 Z - a +4 scimitar of flaming
Armour
 s - the +8 plate armour of Hifae {rF+++ rC++ MR- rCorr}
   (You found it on level 8 of the Dungeon)

   It renders you almost immune to fire.
   It greatly protects you from cold.
   It affects your resistance to hostile enchantments.
   It provides partial protection from all sources of acid and corrosion.
 v - a scarf of resistance (worn)
 B - a +2 pair of gloves of dexterity (worn)
 G - a +0 hat of see invisible (worn)
 H - a cursed -2 cloak of preservation
 J - a +0 pair of boots (worn)
 L - a +0 kite shield of reflection (worn)
 N - a +1 plate armour of poison resistance (worn)
Jewellery
 j - a +6 ring of dexterity
 y - an uncursed ring of protection from fire
 C - an uncursed ring of protection from fire
 E - an uncursed ring of stealth {unknown}
 F - an amulet of the acrobat (around neck)
 M - a ring of protection from magic (right hand)
Wands
 n - a wand of digging (8)
Scrolls
 e - 14 scrolls of remove curse
 g - 2 scrolls of acquirement {unknown}
 i - a scroll of silence
 p - 4 scrolls of blinking {unknown}
 q - 6 scrolls of fear
 r - 3 scrolls of teleportation
 t - 3 scrolls of magic mapping
 u - 2 scrolls of summoning
 w - a scroll of random uselessness {unknown}
 x - 2 scrolls of identify
 D - 6 scrolls of enchant armour {unknown}
 I - 3 scrolls of fog {unknown}
 Q - 3 scrolls of immolation {unknown}
Potions
 d - 3 potions of might
 h - a potion of heal wounds
 k - 10 potions of curing
 l - 3 potions of haste
 m - 4 potions of berserk rage
 o - 2 potions of resistance
 z - 5 potions of stabbing
 R - a potion of brilliance
Comestibles
 f - 41 rations


   Skills:
 + Level 15.8 Fighting
   Level 10.8(14.3) Short Blades
 + Level 16.5(17.7) Long Blades
 + Level 17.2 Armour
 + Level 6.4 Dodging
 + Level 3.3 Stealth
 + Level 21.0 Shields
 + Level 3.2 Invocations
 + Level 1.3 Evocations


You had 17 spell levels left.
You didn't know any spells.
Your spell library contained the following spells:

 Spells                   Type           Power        Failure   Level  Hunger
 Animate Skeleton         Necr           N/A          97%         1    ##.....
 Apportation              Tloc           #.....       97%         1    ##.....
 Beastly Appendage        Tmut           #.....       97%         1    ##.....
 Corona                   Hex            #......      97%         1    ##.....
 Pain                     Necr           #...         97%         1    ##.....
 Shock                    Conj/Air       #...         97%         1    ##.....
 Summon Butterflies       Summ           #.......     97%         1    ##.....
 Summon Small Mammal      Summ           #...         97%         1    ##.....
 Blink                    Tloc           N/A          99%         2    ###....
 Ensorcelled Hibernation  Hex/Ice        #.....       99%         2    ###....
 Poisonous Vapours        Pois/Air       #.....       99%         2    ###....
 Shroud of Golubria       Chrm/Tloc      #.....       99%         2    ###....
 Sticks to Snakes         Tmut           #.......     99%         2    ###....
 Swiftness                Chrm/Air       #.......     99%         2    ###....
 Call Canine Familiar     Summ           #.......     100%        3    ####...
 Confusing Touch          Hex            #.......     100%        3    ####...
 Conjure Flame            Conj/Fire      #.......     100%        3    ####...
 Dazzling Flash           Conj/Hex       #.....       100%        3    ####...
 Gell's Gravitas          Tloc           #.........   100%        3    ####...
 Lesser Beckoning         Tloc           #.........   100%        3    ####...
 Mephitic Cloud           Conj/Pois/Air  #.......     100%        3    ####...
 Spider Form              Tmut/Pois      #.........   100%        3    ####...
 Static Discharge         Conj/Air       #.......     100%        3    ####...
 Teleport Other           Tloc           #.......     100%        3    ####...
 Tukima's Dance           Hex            #.......     100%        3    ####...
 Vampiric Draining        Necr           #.........   100%        3    ####...
 Airstrike                Air            #.........   100%        4    #####..
 Animate Dead             Necr           N/A          100%        4    #####..
 Ice Form                 Ice/Tmut       #.......     100%        4    #####..
 Passage of Golubria      Tloc           N/A          100%        4    #####..
 Petrify                  Tmut/Erth      #.......     100%        4    #####..
 Summon Ice Beast         Ice/Summ       #.......     100%        4    #####..
 Agony                    Necr           #.......     100%        5    ######.
 Blade Hands              Tmut           #.........   100%        5    ######.
 Lightning Bolt           Conj/Air       #.........   100%        5    ######.
 Metabolic Englaciation   Hex/Ice        #.........   100%        5    ######.
 Summon Mana Viper        Hex/Summ       #.......     100%        5    ######.
 Yara's Violent Unravell  Hex/Tmut       #.........   100%        5    ######.
 Freezing Cloud           Conj/Ice/Air   #.........   100%        6    #######
 Ring of Flames           Chrm/Fire      #.........   100%        7    #######
 Summon Hydra             Summ           #.........   100%        7    #######


Dungeon Overview and Level Annotations

Branches:
Dungeon (15/15)            Temple (1/1) D:4            Lair (6/6) D:10
  Swamp (2/4) Lair:3       Spider (4/4) Lair:4        Slime (0/5) Lair:5
    Orc (2/2) D:11            Elf (0/3) Orc:2        Vaults (0/5) D:13
 Depths (0/5) D:15          IceCv (visited)         Volcano (visited)

Altars:
Cheibriados
Dithmenos
Elyvilon
Fedhas
Gozag
Hepliaklqana
Kikubaaqudgha
Makhleb
Okawaru
Qazlal
Ru
Sif Muna
Vehumet
Xom
Yredelemnul
The Shining One

Shops:
D:6 =   D:8 %   Orc:1 [*   Orc:2 *((}(

Portals:
Trove: D:14 (give 5 potions of resistance)

Annotations:
Orc:1 Maurice


Innate Abilities, Weirdness & Mutations

You reflexively headbutt those who attack you in melee.
You have a pair of horns on your head.


Message History

The spark wasp stings you! The spark wasp shocks you!
* * * LOW HITPOINT WARNING * * *
You hit the spark wasp but do no damage.
You headbutt the spark wasp, but do no damage.
The spark wasp is heavily wounded.
The emperor scorpion stings you!
* * * LOW HITPOINT WARNING * * *
The emperor scorpion barely misses you. x2
Unknown command.
As you read the scroll of teleportation, it crumbles to dust.
You feel strangely unstable. You block the spark wasp's attack.
You block the emperor scorpion's attack.
The emperor scorpion misses you. The emperor scorpion claws you.
* * * LOW HITPOINT WARNING * * *
The spark wasp stings you!
* * * LOW HITPOINT WARNING * * *
The spark wasp shocks you!
* * * LOW HITPOINT WARNING * * *
The emperor scorpion stings you.
You die...

.# #...###..# ##≈..≈##
.####≈.≈^#### #≈....# ..#
##...≈# ##≈≈.≈## ..#
##...≈## ###≈.≈#
..###.##≈..##+## ##.≈#
..'^..##...##..^ #≈.≈#
..'...≈≈..≈##..y #...###
..'...^..≈###.ys#####.≈≈#
..###≈....## #@..##..≈#
..# ##....≈# #ys.≈...≈#
..# ##≈≈.≈# yy##.....##
.## ###.≈##..y ####≈.# .#
##...##... ##.## .#
###..≈###### ##≈.# ##
##≈..≈.##### ###...# #
##≈...###...###≈^^.≈# #
#≈....##.≈≈.##≈.^..##


You could see 2 emperor scorpions, 2 ghost moths, a spark wasp and 2 hornets.

Vanquished Creatures
  Jorgrun (Spider:2)
  A tentacled starspawn (Abyss:2)
  Frances (D:14)
  Gastronok (D:9)
  Donald (Spider:2)
  Roxanne (D:15)
  A frost giant (IceCv)
  Louise (D:14)
  2 emperor scorpions
  3 ghost moths
  Aizul (Spider:2)
  The ghost of Summon the Severer, a journeyman MiBe of Trog (Orc:2)
  An ironheart preserver (D:13)
  An orc warlord (Orc:1)
  2 entropy weavers
  A lorocyproca (Abyss:2)
  Azrael (D:14)
  Snorg (Lair:3)
  A merfolk javelineer (Orc:2)
  Josephine (D:15)
  A yaktaur captain (D:15)
  Harold (D:10)
  16 hydras
  A naga warrior (Orc:2)
  3 catoblepae
  A ghost crab (Swamp:2)
  A queen ant (Lair:3)
  An alligator (Swamp:2)
  2 shambling mangroves (Swamp:1)
  5 two-headed ogres
  6 centaur warriors
  14 death yaks
  4 hell hogs (Abyss:2)
  A tengu warrior (Orc:2)
  A deep troll shaman (Lair:6)
  A fire crab (Lair:2)
  5 skeletal warriors (D:13)
  A glowing orange brain (Abyss:2)
  A swamp dragon (Swamp:1)
  6 unseen horrors
  3 lindwurms
  2 orc knights (Orc:2)
  8 orb spiders
  2 statues (D:15)
  A harpy (shapeshifter) (D:15)
  4 ugly things
  2 manticores (D:15)
  7 cyclopes
  3 oklob plants
  25 wolf spiders
  2 deep elf magi
  2 orc sorcerers
  A worldbinder (Abyss:2)
  A moth of wrath (Spider:4)
  15 elephants
  An ice statue (IceCv)
  A torpor snail (Spider:4)
  An apocalypse crab (Abyss:2)
  A smoke demon (Abyss:2)
  6 black mambas
  8 centaur zombies
  2 gargoyles
  2 molten gargoyles (Volcano)
  13 spiny frogs
  4 efreet
  4 centaur skeletons
  8 rime drakes
  4 komodo dragons
  2 yaktaurs
  3 kobold demonologists
  4 guardian mummies (D:12)
  13 demonic crawlers
  10 trolls
  32 jumping spiders
  17 hornets
  A meliai (D:12)
  20 polar bears
  8 tyrant leeches
  13 slime creatures
  3 raiju (Abyss:2)
  12 blink frogs
  A meliai zombie (D:15)
  2 bog bodies (Swamp:2)
  20 hippogriffs
  7 dream sheep (Lair:6)
  74 redbacks
  2 spriggans (Swamp:1)
  A shadow (Swamp:2)
  25 tarantellas
  4 wraiths
  6 starcursed masses (Abyss:2)
  14 wyverns
  Eustachio (D:5)
  5 fire elementals
  61 yaks
  6 basilisks
  7 vampire mosquitoes
  A hungry ghost (D:12)
  A steam dragon (D:9)
  A neqoxec (Abyss:2)
  10 swamp worms
  Menkaure (D:4)
  5 insubstantial wisps
  4 soldier ants
  6 wargs
  A large abomination (Abyss:2)
  16 water moccasins
  4 hell hounds (D:14)
  8 porcupines
  A floating eye (D:11)
  A swamp drake (shapeshifter) (D:13)
  43 orc warriors
  3 black bears
  14 ice beasts
  5 sky beasts
  5 swamp drakes
  5 phantoms
  2 eyes of draining
  27 wolves
  7 ogres
  23 centaurs
  14 crocodiles
  A big kobold (D:11)
  16 bullfrogs
  A wyvern zombie (D:6)
  4 earth elementals (Volcano)
  5 scorpions
  4 wights (D:14)
  10 howler monkeys
  4 electric eels
  6 crimson imps
  3 bullfrog zombies
  2 quasits
  8 jellies
  8 orc priests
  8 hounds
  An iron imp (D:8)
  4 bullfrog skeletons
  3 iguanas
  Natasha (thrice) (D:2)
  27 orc wizards
  19 worker ants
  A killer bee zombie (D:7)
  A hound skeleton (D:5)
  4 mummies (D:12)
  Robin (D:3)
  A howler monkey skeleton (D:4)
  16 adders
  4 shadow imps
  11 oozes
  An adder skeleton (D:9)
  5 worms
  A dart slug (D:1)
  8 leopard geckos
  93 orcs
  A ball python (D:1)
  8 bats
  5 giant cockroaches
  18 goblins
  5 hobgoblins
  5 jackals
  5 quokkas
  7 frilled lizards
  A jackal zombie (D:7)
  13 kobolds
  A quokka skeleton (D:7)
  6 rats (D:1)
  3 bushes
  2 fire vortices (Volcano)
  A fungus (Lair:6)
  16 plants
  A starspawn tentacle (Abyss:2)
1193 creatures vanquished.

Vanquished Creatures (others)
  A jumping spider (Spider:4)
  A polar bear (IceCv)
  A yak (IceCv)
  3 vampire mosquitoes (Swamp:2)
  A wolf (IceCv)
  A small abomination (Abyss:2)
  12 fungi
  6 plants
  2 starspawn tentacles (Abyss:2)
28 creatures vanquished.

Grand Total: 1221 creatures vanquished

Notes
Turn   | Place    | Note
-------+----------+-------------------------------------------
     0 | D:1      | Peloso the Minotaur Fighter began the quest for the Orb.
     0 | D:1      | Reached XP level 1. HP: 19/19 MP: 0/0
    76 | D:1      | Reached XP level 2. HP: 24/27 MP: 1/1
   296 | D:1      | Reached skill level 4 in Shields
   750 | D:1      | Reached XP level 3. HP: 33/34 MP: 2/2
  1142 | D:2      | Noticed Natasha
  1152 | D:2      | Killed Natasha
  1152 | D:2      | Reached XP level 4. HP: 26/41 MP: 3/3
  1222 | D:2      | Noticed Natasha
  1249 | D:2      | Killed Natasha
  1342 | D:2      | Noticed Natasha
  1351 | D:2      | Killed Natasha
  1351 | D:2      | Reached XP level 5. HP: 22/47 MP: 4/4
  2357 | D:3      | Reached skill level 1 in Dodging
  2492 | D:3      | Reached skill level 5 in Long Blades
  2492 | D:3      | Reached XP level 6. HP: 54/55 MP: 5/5
  3025 | D:3      | Reached skill level 5 in Fighting
  3025 | D:3      | Reached skill level 5 in Shields
  3198 | D:4      | Reached skill level 5 in Armour
  3518 | D:3      | Reached XP level 7. HP: 38/61 MP: 6/6
  3864 | D:4      | Noticed Menkaure
  3879 | D:4      | Killed Menkaure
  4197 | D:4      | Noticed Robin
  4225 | D:3      | Killed Robin
  4443 | D:4      | Found a staircase to the Ecumenical Temple.
  4452 | Temple   | Entered the Ecumenical Temple
  4475 | Temple   | Became a worshipper of Warmaster Okawaru
  4772 | D:5      | Entered Level 5 of the Dungeon
  5199 | D:5      | Reached skill level 6 in Shields
  5741 | D:5      | Reached XP level 8. HP: 69/70 MP: 7/7
  5850 | D:5      | Noticed Eustachio
  5868 | D:5      | Killed Eustachio
  5868 | D:5      | Reached * piety under Okawaru
  6248 | D:6      | Found the +4 dagger "Morg" {pain, MR+ Int+5}
  6682 | D:6      | Got a jewelled dagger
  6683 | D:6      | Identified the +12 dagger of Mana {vorpal, rElec MR+} (You
                  | found it on level 6 of the Dungeon)
  6835 | D:6      | Reached skill level 7 in Shields
  6979 | D:6      | Reached skill level 1 in Short Blades
  7158 | D:6      | Noticed a two-headed ogre
  7166 | D:6      | Killed a two-headed ogre
  7166 | D:6      | Reached ** piety under Okawaru
  7166 | D:6      | Reached skill level 8 in Shields
  7166 | D:6      | Reached XP level 9. HP: 60/78 MP: 5/8
  7328 | D:6      | Found Newn's Jewellery Shoppe.
  7395 | D:7      | Found a radiant altar of Vehumet.
  7945 | D:7      | Found a burning altar of Makhleb.
  7947 | D:7      | Found a shimmering blue altar of Sif Muna.
  8464 | D:8      | Found a snail-covered altar of Cheibriados.
  8632 | D:8      | Found Zinuw's Food Shop.
  8686 | D:8      | Reached *** piety under Okawaru
  8951 | D:8      | Reached skill level 9 in Shields
  8951 | D:8      | Reached XP level 10. HP: 86/86 MP: 9/9
  9193 | D:8      | Got a steaming plate armour
  9204 | D:8      | Identified the +8 plate armour of Hifae {rF+++ rC++ MR-
                  | rCorr} (You found it on level 8 of the Dungeon)
  9270 | D:7      | Found an ancient bone altar of Kikubaaqudgha.
  9270 | D:7      | Found a white marble altar of Elyvilon.
  9420 | D:9      | Reached skill level 1 in Stealth
  9501 | D:9      | Reached skill level 10 in Armour
  9733 | D:9      | Noticed Gastronok
  9747 | D:9      | Killed Gastronok
  9747 | D:9      | Reached **** piety under Okawaru
 10317 | D:10     | Entered Level 10 of the Dungeon
 10417 | D:10     | Reached skill level 10 in Shields
 10817 | D:10     | Found a staircase to the Lair.
 10864 | D:10     | Reached XP level 11. HP: 93/94 MP: 10/10
 10923 | D:10     | Noticed Harold
 10945 | D:10     | Killed Harold
 10945 | D:10     | Reached ***** piety under Okawaru
 10945 | D:10     | Reached skill level 1 in Invocations
 11536 | D:11     | Noticed an oklob plant
 11574 | D:11     | Noticed a cyan ugly thing
 11576 | D:11     | Noticed a two-headed ogre
 11581 | D:11     | Killed a cyan ugly thing
 11588 | D:11     | Killed a two-headed ogre
 11709 | D:11     | Found a staircase to the Orcish Mines.
 11806 | D:11     | Noticed an oklob plant
 11820 | D:11     | Noticed an unseen horror
 11828 | D:11     | Killed an unseen horror
 11828 | D:11     | Reached skill level 11 in Shields
 11978 | D:11     | Received a gift from Okawaru
 12316 | D:11     | Paralysed by a floating eye for 2 turns
 12654 | D:12     | Noticed an unseen horror
 12671 | D:12     | Killed an unseen horror
 12695 | D:12     | Noticed a centaur warrior
 12708 | D:12     | Killed a centaur warrior
 12708 | D:12     | Reached XP level 12. HP: 74/104 MP: 12/12
 12737 | D:12     | Reached skill level 12 in Shields
 12953 | D:12     | Noticed a reaper
 12953 | D:12     | Noticed a reaper
 12953 | D:12     | Noticed a reaper
 12953 | D:12     | Noticed a reaper
 12977 | D:12     | Noticed a reaper
 13512 | D:12     | Reached ****** piety under Okawaru
 13595 | D:12     | Noticed a centaur warrior
 13619 | D:12     | Killed a centaur warrior
 13619 | D:12     | Reached skill level 10 in Short Blades
 13726 | D:12     | Noticed a five-headed hydra
 13754 | D:12     | Received a gift from Okawaru
 13754 | D:12     | Reached skill level 10 in Fighting
 13808 | Lair:1   | Entered Level 1 of the Lair of Beasts
 13849 | Lair:1   | Found a frozen archway.
 13933 | IceCv    | Entered an ice cave
 14100 | IceCv    | Reached skill level 13 in Shields
 14970 | IceCv    | Noticed a death yak
 14996 | IceCv    | Killed a death yak
 14996 | IceCv    | Reached XP level 13. HP: 114/114 MP: 13/13
 15076 | IceCv    | Received a gift from Okawaru
 15393 | IceCv    | Noticed a frost giant
 15418 | IceCv    | Killed a frost giant
 15418 | IceCv    | Reached skill level 14 in Shields
 15621 | IceCv    | Got a pitted flail
 15623 | IceCv    | Identified the +8 flail of Sequestration {vorpal, Fragile
                  | rF+ Int+4} (You found it in an ice cave)
 16906 | Lair:2   | Received a gift from Okawaru
 16986 | Lair:2   | Found a dark tunnel.
 16991 | Volcano  | Entered a volcano
 17644 | Lair:2   | Found an opulent altar of Gozag.
 18084 | Lair:2   | Reached skill level 10 in Long Blades
 19434 | D:12     | Reached skill level 15 in Shields
 19676 | Orc:1    | Entered Level 1 of the Orcish Mines
 19680 | Orc:1    | Found Vauclof's Assorted Antiques.
 19777 | Orc:1    | Bought a scroll of identify for 64 gold pieces
 19982 | Orc:1    | Found Kopsuced's Armour Shop.
 20036 | Orc:2    | Entered Level 2 of the Orcish Mines
 20036 | Orc:2    | Noticed an orc warlord
 20178 | Orc:1    | Killed an orc warlord
 20178 | Orc:1    | Received a gift from Okawaru
 20178 | Orc:1    | Reached XP level 14. HP: 76/125 MP: 15/15
 20595 | Orc:2    | Found Das Zul's Weapon Shop.
 20595 | Orc:2    | Found Bemin's Gadget Shoppe.
 20597 | Orc:2    | Found Cyngo's Antique Weapon Emporium.
 20599 | Orc:2    | Found Hiehid's Antique Weapon Boutique.
 20608 | Orc:2    | Bought a wand of digging (4) for 176 gold pieces
 20613 | Orc:2    | Bought an ancient scimitar for 270 gold pieces
 20614 | Orc:2    | Identified the +7 scimitar of the Lame Duck {elec, Str+7}
                  | (You bought it in a shop on level 2 of the Orcish Mines)
 20774 | Orc:2    | Found Somunlam's Assorted Antiques.
 21011 | Orc:2    | Found a staircase to the Elven Halls.
 21204 | Orc:2    | Found a runed translucent gate.
 21204 | Orc:2    | Found a runed translucent gate.
 21204 | Orc:2    | Found a runed translucent gate.
 21208 | Orc:2    | Noticed Summon's ghost (journeyman MiBe)
 21210 | Orc:2    | Found an iron altar of Okawaru.
 21248 | Orc:2    | Killed Summon's ghost
 21255 | Orc:2    | Received a gift from Okawaru
 21793 | Orc:1    | Noticed Maurice
 22351 | Lair:3   | Reached skill level 16 in Shields
 22559 | Lair:3   | Noticed Snorg
 22574 | Lair:3   | Killed Snorg
 22574 | Lair:3   | Received a gift from Okawaru
 22932 | Lair:3   | Found a staircase to the Swamp.
 23467 | Lair:4   | Found a hole to the Spider Nest.
 23512 | Lair:4   | Got a spiked plate armour
 23597 | Lair:4   | Received a gift from Okawaru
 23609 | Lair:4   | Got an encrusted falchion {god gift}
 23610 | Lair:4   | Identified the +11 falchion "Duazamugh" {freeze, Dex+4}
                  | (Okawaru gifted it to you on level 4 of the Lair of Beasts)
 23626 | Lair:4   | Identified the +2 plate armour of the Hundredfold Demons
                  | {+Inv MR+ Stlth+} (You found it on level 4 of the Lair of
                  | Beasts)
 24045 | Lair:4   | Reached XP level 15. HP: 133/134 MP: 16/16
 24082 | Lair:4   | Reached skill level 15 in Armour
 25298 | Lair:5   | Received a gift from Okawaru
 25462 | Lair:5   | Found a staircase to the Slime Pits.
 26213 | Lair:6   | Entered Level 6 of the Lair of Beasts
 26247 | Lair:6   | Reached skill level 1 in Evocations
 26277 | Lair:6   | Reached skill level 17 in Shields
 26495 | Lair:6   | Received a gift from Okawaru
 27894 | D:13     | Found a gate to the Vaults.
 28121 | D:13     | Found a glowing golden altar of the Shining One.
 28127 | D:13     | Reached skill level 5 in Dodging
 28472 | D:14     | Reached XP level 16. HP: 145/145 MP: 17/17
 28487 | D:14     | Noticed Frances
 28496 | D:14     | Killed Frances
 28496 | D:14     | Received a gift from Okawaru
 28564 | D:14     | Noticed Louise
 28565 | D:14     | Cast into level 2 of the Abyss (Louise)
 28737 | Abyss:2  | Reached skill level 18 in Shields
 28827 | Abyss:2  | Noticed a tentacled starspawn
 28835 | Abyss:2  | Killed a tentacled starspawn
 28837 | D:14     | Escaped the Abyss
 28846 | D:14     | Killed Louise
 28846 | D:14     | Received a gift from Okawaru
 28846 | D:14     | Reached skill level 15 in Long Blades
 29276 | D:14     | Found a portal to a secret trove of treasure.
 29586 | D:14     | Found a blossoming altar of Fedhas.
 29656 | D:14     | Noticed Azrael
 29669 | D:14     | Killed Azrael
 30112 | D:15     | Entered Level 15 of the Dungeon
 30179 | D:15     | Noticed Josephine
 30184 | D:15     | Killed Josephine
 30359 | D:15     | Found a staircase to the Depths.
 30515 | D:15     | Found the +8 autumn katana {vorpal, Clar}
 30604 | D:15     | Identified Roxanne's Compendium of Stones
 30604 | D:15     | Noticed Roxanne
 30626 | D:15     | Killed Roxanne
 30779 | D:15     | Reached skill level 19 in Shields
 31682 | Swamp:1  | Entered Level 1 of the Swamp
 34029 | Swamp:2  | Received a gift from Okawaru
 34244 | Swamp:2  | Reached XP level 17. HP: 92/154 MP: 18/18
 35302 | Spider:1 | Entered Level 1 of the Spider Nest
 36907 | Spider:2 | Reached skill level 15 in Fighting
 37039 | Spider:2 | Received a gift from Okawaru
 37237 | Spider:2 | Noticed Aizul
 37256 | Spider:2 | Killed Aizul
 37256 | Spider:2 | Reached skill level 20 in Shields
 38047 | Spider:2 | Noticed Donald
 38049 | Spider:2 | Noticed Jorgrun
 38070 | Spider:2 | Killed Jorgrun
 38077 | Spider:2 | Killed Donald
 39086 | Spider:3 | Received a gift from Okawaru
 39901 | Spider:4 | Entered Level 4 of the Spider Nest
 40689 | Spider:4 | Received a gift from Okawaru
 40955 | Spider:4 | Got an ichor-stained scimitar {god gift}
 40956 | Spider:4 | Identified the +1 scimitar "Zysiwaam" {elec, *Slow rElec
                  | rN+ Dex+10} (Okawaru gifted it to you on level 4 of the
                  | Spider Nest)
 41587 | Spider:4 | Reached XP level 18. HP: 155/166 MP: 19/19
 41678 | Spider:4 | Reached skill level 21 in Shields
 42073 | Spider:4 | HP: 5/166 [spark wasp (17)]
 42073 | Spider:4 | Slain by an emperor scorpion

Illustrated notes

Levels and vault maps discovered:
D:1:      onia_arrival_handbag, layout_basic, hex_large, serial_bayou_pond_a
D:2:      layout_basic, uniq_natasha
D:3:      layout_basic, first_ration
D:4:      layout_cave_pools, minmay_temple_entry_antechambers, uniq_menkaure,
          uniq_robin
D:5:      layout_loops_corners, uniq_eustachio
D:6:      layout_gridville, serial_shops, shop
D:7:      layout_basic, nicolae_overflow_hidden_temple, fiery_altar_vehumet
D:8:      layout_basic, slow_altar_1, serial_shops, nicolae_shop_trees,
          hangedman_little_slice_of_home, nicolae_wwwww
D:9:      layout_basic, uniq_gastronok
D:10:     layout_cave_pools, erik_lair_orcish_takeover, fountainhead,
          uniq_harold
D:11:     layout_loops_cross, david_orc_2, disabler_island
D:12:     minmay_tri_box, layout_loops_ring, solitary_fountain,
          minmay_guarded_unrand_curses
D:13:     layout_roguey, skrybe_vaults_entry_preservation, basic_altar
D:14:     layout_stronghold, nicolae_benzene_ring, serial_column_ruins,
          column_ruins_square_large, column_ruins_columns_plus,
          column_ruins_grid_3, column_ruins_open_tiny, column_ruins_open_small,
          column_ruins_open_small, enter_trove_0, fedhas_altar_3, uniq_louise,
          uniq_azrael, uniq_frances
D:15:     grunt_enter_depths_snipers, layout_loops_cross, grunt_ministairs_13,
          minmay_dual_archer_statues, uniq_josephine, uniq_roxanne
Temple:   nicolae_temple_elliptical
Lair:1:   layout_cave_pods, portal_ice_cave_entry_ice_beasts,
          minmay_lair_oklob_chamber, serial_bayou_shore_a, grunt_megastairs_1
Lair:2:   layout_hall_layers, nicolae_volcano_entry_s_turn, basic_altar,
          hangedman_lair_generics_rect
Lair:3:   layout_roguey, minmay_swamp_entry_eels, minmay_another_anthill,
          uniq_snorg
Lair:4:   wad_woods_structure_01, layout_gridlike, spider_nest_entry_webs,
          special_room [special_room_mythical_zoo]
Lair:5:   statuecave_lemuel, layout_misc_corridors,
          nicolae_slime_entry_slimehenge
Lair:6:   grunt_lair_end_beastmaster, layout_misc_corridors,
          serial_bayou_ford_a, grunt_megastairs_3
Swamp:1:  layout_basic_swamp, nicolae_swamp_feature_on_the_river_bank
Swamp:2:  layout_basic_swamp, evilmike_swamp_ruin_house_6
Spider:1: layout_chambers, drop_trap
Spider:2: layout_chambers, uniq_jorgrun, uniq_aizul, uniq_donald
Spider:3: layout_spider_delve
Spider:4: spider_rune_water
Orc:1:    layout_caves, serial_shops, nicolae_shop_behind_doors, shop,
          uniq_maurice
Orc:2:    st_orc_rangers, layout_diamond_mine, serial_shops,
          nicolae_shop_statue_plus, gammafunk_ghost_fury_of_okawaru

Skill      XL: |  1  2  3  4  5  6  7  8  9 10 11 12 13 14 15 16 17 18 |
---------------+-------------------------------------------------------+-----
Fighting       | 4 5 6 7 9 10 11 12 13 14 15 | 15.8
Shields        | 4 5 6 8 9 10 11 13 15 16 17 19 20 21 | 21.0
Armour         | 4 5 6 7 9 11 12 13 14 15 16 17 | 17.2
Long Blades    | 3 4 5 7 8 10 13 14 15 16 | 16.5
Dodging        | 1 2 3 4 5 6 |  6.4
Short Blades   | 2 3 7 9 10 | 10.8
Stealth        | 1 3 |  3.3
Invocations    | 2 3 |  3.2
Evocations     | 1 |  1.3

Action                   |  1- 3 |  4- 6 |  7- 9 | 10-12 | 13-15 | 16-18 || total
-------------------------+-------+-------+-------+-------+-------+-------++-------
Melee: Long sword        |    87 |   134 |   111 |       |       |       ||   332
       Headbutt          |    11 |    30 |    75 |   227 |   529 |   433 ||  1305
       Dagger            |       |       |   133 |   774 |   267 |       ||  1174
       Scimitar          |       |       |       |       |  1157 |   918 ||  2075
       Demon blade       |       |       |       |       |   100 |       ||   100
       Katana            |       |       |       |       |       |   301 ||   301
Invok: Heroism           |       |       |     1 |     8 |     5 |     4 ||    18
       Finesse           |       |       |       |       |     1 |       ||     1
Evoke: Wand              |       |       |       |       |     9 |     5 ||    14
  Use: Potion            |     2 |       |     1 |     2 |     2 |     7 ||    14
       Scroll            |       |     5 |     7 |     3 |     9 |    14 ||    38
 Stab: Petrified         |       |       |       |       |     7 |       ||     7
       Petrifying        |       |       |       |       |     1 |       ||     1
       Confused          |       |       |       |       |       |     1 ||     1
  Eat: Chunk             |     1 |     8 |    17 |    16 |    37 |    26 ||   105
       Ration            |       |       |       |     1 |     2 |     5 ||     8
Armor: Scale mail        |    69 |    60 |    21 |       |       |       ||   150
       Plate armour      |       |       |    69 |   237 |   711 |   353 ||  1370
       Chain mail        |       |       |       |       |       |   177 ||   177
Dodge: Dodged            |    41 |    46 |    59 |   143 |   468 |   540 ||  1297
Block: Kite shield       |    70 |    90 |   118 |   354 |  1145 |   416 ||  2193
       Tower shield      |       |       |       |       |       |  1083 ||  1083
       Rpst.: Long sword |    13 |    20 |     8 |       |       |       ||    41
       Scimitar          |       |       |       |       |    81 |    60 ||   141
       Demon blade       |       |       |       |       |    11 |       ||    11
       Katana            |       |       |       |       |       |    29 ||    29
